 Dungeon Crawl Stone Soup version 0.20.1-1-g8b1a95d66d (webtiles) character file.

826 4FPSwarrior the Digger (level 7, -11/51 HPs)
             Began as a Demigod Earth Elementalist on Nov 27, 2017.
             Mangled by Duvessa
             ... wielding a +0 short sword of venom
              (15 damage)
             ... on level 4 of the Dungeon.
             The game lasted 00:27:34 (4079 turns).

4FPSwarrior the Digger (Demigod Earth Elementalist) Turns: 4079, Time: 00:27:36

Health: -11/51     AC:  4    Str: 11    XL:     7   Next: 37%
Magic:  3/17       EV: 13    Int: 23    God:
Gold:   152        SH:  2    Dex: 16    Spells: 9/15 levels left

rFire    + . .     SeeInvis .   j - +0 short sword (curse)
rCold    . . .     Gourm    .   (no shield)
rNeg     . . .     Faith    .   z - +1 robe {rF+}
rPois    .         Spirit   .   (no helmet)
rElec    .         Reflect  +   (no cloak)
rCorr    .         Harm     .   g - +0 pair of gloves
MR       .....                  (no boots)
Stlth    +++.......             p - +2 amulet of reflection
Regen    0.2/turn               v - ring of stealth
MPRegen  0.2/turn               (no ring)

@: lethally poisoned (-11 -> -67), very slightly contaminated
A: high mp 1
a: no special abilities


You were on level 4 of the Dungeon.
You were not hungry.

You visited 1 branch of the dungeon, and saw 4 of its levels.

You collected 152 gold pieces.

Inventory:

Hand Weapons
 j - a cursed +0 short sword (weapon)
 n - a +0 hunting sling
 w - a +1 hand axe of venom
 y - a +3 whip of freezing
Missiles
 a - 40 sling bullets
 o - 11 stones (quivered)
Armour
 c - a +0 robe
 g - a +0 pair of gloves (worn)
 q - a +0 robe
 z - a +1 robe of fire resistance (worn)
Jewellery
 p - a +2 amulet of reflection (around neck)
 v - a ring of stealth (left hand)
Scrolls
 b - a scroll of enchant weapon
 h - 3 scrolls of magic mapping
 i - a scroll of amnesia
 t - a scroll of identify
Potions
 s - a potion of curing {unknown}
 x - a potion of cancellation {unknown}
Books
 e - a book of Geomancy

   Spells                             Type                      Level
   a - Sandblast                      Earth                        1
   b - Passwall                       Transmutation/Earth          2
   c - Stone Arrow                    Conjuration/Earth            3
   d - Petrify                        Transmutation/Earth          4
   e - Lee's Rapid Deconstruction     Earth                        5
Comestibles
 d - 5 bread rations
 f - 6 chunks of flesh
 l - 5 meat rations
 u - a royal jelly


   Skills:
 + Level 0.8 Fighting
 + Level 2.0 Short Blades
 + Level 1.5 Throwing
 + Level 2.5 Dodging
 + Level 2.3 Stealth
 + Level 4.9 Spellcasting
 + Level 0.5 Conjurations
 + Level 1.0 Transmutations
 + Level 5.1 Earth Magic


You had 9 spell levels left.
You knew the following spells:

 Your Spells              Type           Power        Failure   Level  Hunger
a - Sandblast             Erth           ####..       1%          1    None
b - Passwall              Tmut/Erth      ###.......   4%          2    None
c - Stone Arrow           Conj/Erth      ###...       9%          3    ##.....


Dungeon Overview and Level Annotations

Branches:
Dungeon (4/15)
 Temple: D:4-7

Annotations:
D:2 Sigmund
D:4 Duvessa, Grinder


Innate Abilities, Weirdness & Mutations

You have an increased reservoir of magic. (+10% MP)


Message History

The blast of sand hits Duvessa.
Duvessa is heavily wounded.
o - 12 stones You feel very sick.
Duvessa hits you with a short sword of venom.
Duvessa hits you with a short sword of venom!
* * * LOW HITPOINT WARNING * * *
You are more poisoned.
Casting: Sandblast
Confirm with . or Enter, or press ? or * to list all spells.
Aiming: Sandblast
Press: ? - help, Shift-Dir - straight line, f/p - Duvessa
Aim: Duvessa, wielding a short sword of venom and wearing a leather armour (heavily wounded, berserk, fast, unusually strong)
The blast of sand hits Duvessa.
Duvessa is severely wounded.
o - 11 stones
* * * LOW HITPOINT WARNING * * *
You feel very sick.
Duvessa hits you with a short sword of venom!
You die...

.. # #.## ..## #.#. #.
##.###..# ##.....
....#...## #. #..>.... .
....... #.##..##..%#
....#...#
#.##..##....###.....<#
#.##..##
#..@######r..######
###...... ##.e# ........#
.....#.# #..# ..#####.#
###...<# #..# #..#### #.#
.......# #..# #..# #.#
###....# ##.(# #..# #.#
...#.#.# ### #...###..#####
#.#
.....#.###.###.#.(........#
#.#
##.###.##..............##.#
#.#


You could see Duvessa (berserk).

Vanquished Creatures
  Pikel (D:4)
  A slave (D:4)
  Dowan (D:4)
  3 hounds
  An iguana (D:4)
  Robin (D:4)
  3 gnolls (D:4)
  7 adders
  An ooze (D:4)
  A worm (D:3)
  2 dart slugs
  3 leopard geckos
  15 orcs
  6 giant cockroaches
  12 goblins
  8 hobgoblins
  3 jackals (D:1)
  6 kobolds
  A quokka (D:4)
  9 bats
  5 frilled lizards (D:1)
  A quokka zombie (D:4)
  7 rats
98 creatures vanquished.

Notes
Turn   | Place    | Note
-------+----------+-------------------------------------------
     0 | D:1      | 4FPSwarrior the Demigod Earth Elementalist began the quest for the Orb.
     0 | D:1      | Reached XP level 1. HP: 14/14 MP: 5/5
   308 | D:1      | Reached XP level 2. HP: 20/20 MP: 5/7
   475 | D:1      | Reached skill level 3 in Earth Magic
   550 | D:1      | Learned a level 2 spell: Passwall
   869 | D:2      | Noticed Sigmund
  1215 | D:2      | Reached XP level 3. HP: 26/26 MP: 3/9
  1613 | D:2      | Reached XP level 4. HP: 25/33 MP: 8/10
  1789 | D:2      | Reached skill level 1 in Transmutations
  2277 | D:4      | Noticed Duvessa
  2277 | D:4      | Noticed Dowan
  2277 | D:4      | Noticed Grinder
  2653 | D:3      | Reached XP level 5. HP: 38/38 MP: 10/12
  2923 | D:3      | Reached skill level 1 in Throwing
  2923 | D:3      | Reached skill level 4 in Earth Magic
  3008 | D:4      | Learned a level 3 spell: Stone Arrow
  3218 | D:4      | Noticed a phantom
  3244 | D:4      | Noticed a slave
  3245 | D:4      | Noticed Pikel
  3496 | D:4      | Noticed a slave
  3535 | D:4      | Reached skill level 1 in Short Blades
  3543 | D:4      | Reached XP level 6. HP: 45/45 MP: 1/14
  3794 | D:4      | Killed Pikel
  3794 | D:4      | Reached skill level 5 in Earth Magic
  3794 | D:4      | Reached XP level 7. HP: 41/51 MP: 4/17
  3893 | D:4      | Noticed Robin
  3906 | D:4      | Killed Robin
  4069 | D:4      | Killed Dowan
  4079 | D:4      | Mangled by Duvessa

Skill      XL: |  1  2  3  4  5  6 |
---------------+-------------------+-----
Spellcasting   | 2 3 4 |  4.9
Earth Magic    | 3 4 5 |  5.1
Dodging        | 2 |  2.5
Stealth        | 2 |  2.3
Transmutations | 1 |  1.0
Throwing       | 1 |  1.5
Short Blades   | 1 2 |  2.0
Fighting       | |  0.8
Conjurations   | |  0.5

Action                   |  1- 3 |  4- 6 |  7- 9 || total
-------------------------+-------+-------+-------++-------
Melee: Short sword       |    10 |    68 |    11 ||    89
Throw: Stone             |    40 |    39 |     2 ||    81
 Cast: Sandblast         |    51 |    55 |    14 ||   120
       Passwall          |     4 |       |       ||     4
       Stone Arrow       |       |    11 |     3 ||    14
  Use: Scroll            |       |     1 |     6 ||     7
 Stab: Sleeping          |       |     1 |       ||     1
  Eat: Chunk             |     3 |     7 |     1 ||    11
Armor: Robe              |    11 |     9 |     3 ||    23
Dodge: Dodged            |    20 |    55 |     9 ||    84
Block: Other             |       |     2 |     1 ||     3
